 Dungeon Crawl Stone Soup version 0.27-a0-1200-g94dc6ad4cf (webtiles) character file.

Game seed: 1676762884011773157

127 tsouns the Sneak (level 5, 0/33 HPs)
             Began as a Kobold Wanderer on May 31, 2021.
             Was a Follower of the Shining One.
             Slain by a gnoll
             ... wielding a +0 spear
              (4 damage)
             ... on level 3 of the Dungeon.
             The game lasted 00:04:19 (3584 turns).

tsouns the Sneak (Kobold Wanderer)                  Turns: 3584, Time: 00:04:19

Health: 0/33       AC:  3    Str:  9 (10) XL:     5   Next: 33%
Magic:  5/5        EV: 13    Int: 14 (15) God:    the Shining One [*.....]
Gold:   42         SH:  0    Dex: 11 (13) Spells: 4/4 levels left

rFire    . . .     SeeInvis .   a - +3 short sword
rCold    . . .     Faith    .   (shield restricted)
rNeg     . . .     Spirit   .   d - +1 robe
rPois    +         Reflect  .   (no helmet)
rElec    .         Harm     .   (no cloak)
rCorr    .         Rampage  .   (no gloves)
Will     .....                  (no boots)
Stlth    ++........             (no amulet)
HPRegen  0.11/turn              m - ring of poison resistance
MPRegen  0.09/turn              (no ring)

@: glowing
A: small, no large weapons, nightstalker 3
a: Renounce Religion


You were on level 3 of the Dungeon.
You worshipped the Shining One.
The Shining One was aware of your devotion.
You visited 1 branch of the dungeon, and saw 3 of its levels.

You collected 42 gold pieces.

Inventory:

Hand Weapons
 a - a +3 short sword (weapon)
 c - a +0 spear
 e - a +0 dagger
Missiles
 p - 33 bolts
Armour
 d - a +1 robe (worn)
Jewellery
 j - a ring of resist corrosion
 m - a ring of poison resistance (left hand)
Scrolls
 h - a scroll of identify
 k - a scroll of teleportation {unknown}
Potions
 b - a potion of attraction
 f - 2 potions of degeneration
 g - a potion of curing
 i - a potion of ambrosia


   Skills:
 + Level 3.6 Fighting
 + Level 3.7 Short Blades
 - Level 1.5 Polearms
 + Level 5.6 Stealth
 - Level 1.5 Shields


You had 4 spell levels left.
You didn't know any spells.
Your spell library was empty.

Dungeon Overview and Level Annotations

Branches:
Dungeon (3/15)

Altars:
The Shining One

Shops:
D:2 !(


Innate Abilities, Weirdness & Mutations

You are small and have problems with some larger weapons.
You are completely attuned to the shadows.


Message History

You are too injured to fight recklessly!
You are too injured to fight recklessly!
You are too injured to fight recklessly!
You are too injured to fight recklessly!
You are too injured to fight recklessly!
The gnoll hits you from afar with a +0 spear.
There is a glowing golden altar of the Shining One here.
Found a stone staircase leading up.
There is a stone staircase leading up here.
The gnoll closely misses you.
You climb upwards.
There is a stone staircase leading down here.
There is a fountain of clear blue water here.
There is an escape hatch in the floor here.
HP restored.
Done exploring.
You slide downwards.
The hatch slams shut behind you. The gnoll closely misses you.
The gnoll completely misses you.
The gnoll shouts!
You hear a shout!
A frilled lizard comes into view.
You hit the gnoll but do no damage. The gnoll completely misses you.
The gnoll barely misses you.
You hit the gnoll.
The gnoll is moderately wounded.
The gnoll barely misses you.
You hit the gnoll.
The gnoll is severely wounded.
The gnoll hits you from afar with a +0 spear!
The gnoll barely misses you.
You hit the gnoll.
You kill the gnoll!
The gnoll hits you from afar with a +0 spear.
The gnoll hits you with a +0 spear.
You completely miss the gnoll. The gnoll hits you with a +0 spear.
You hit the gnoll but do no damage. The gnoll hits you with a +0 spear!
* * * LOW HITPOINT WARNING * * *
You hit the gnoll.
The gnoll is moderately wounded.
The gnoll hits you with a +0 spear.
You die...

##.# .....## #..# ....##
#..#### ..#. ##......
..#. ####...####. ...
#............ ###.#
#.......###... #...# ..
#...g...#......#.#.##.#
#..........##...@#.#..#.
#...........$....gl.....
#........g....####......
#.....##.##.#.# ##.....
#.....#...#.l.# ##...###
#.....†._.....###g...#
####..#...#...##l.####
#..##.##....)....#
#...g............#


You could see a gnoll and a frilled lizard.

Vanquished Creatures
  4 adders
  A gnoll (D:3)
  3 worms (D:2)
  3 dart slugs
  An orc (D:3)
  2 bats (D:2)
  7 endoplasms
  3 giant cockroaches
  2 goblins
  7 hobgoblins
  6 jackals
  2 quokkas (D:2)
  7 ball pythons
  4 frilled lizards
  5 kobolds
  4 rats
61 creatures vanquished.

Notes
Turn   | Place    | Note
-------+----------+-------------------------------------------
     0 | D:1      | tsouns the Kobold Wanderer began the quest for the Orb.
     0 | D:1      | tsouns set off with the following items: a +2 short sword,
                  | a potion of curing, a +0 spear, a +0 robe, a +0 dagger
     0 | D:1      | Reached XP level 1. HP: 12/12 MP: 1/1
   505 | D:1      | Reached XP level 2. HP: 18/18 MP: 2/2
  1177 | D:1      | Reached XP level 3. HP: 18/22 MP: 3/3
  1832 | D:2      | Found Goimiuro's Weapon Emporium.
  2104 | D:2      | Reached skill level 5 in Stealth
  2104 | D:2      | Reached XP level 4. HP: 28/28 MP: 4/4
  2406 | D:2      | Found Pelitiob's Distillery.
  3307 | D:3      | Reached XP level 5. HP: 32/32 MP: 5/5
  3359 | D:3      | Found a faded altar of an unknown god.
  3379 | D:3      | Became a worshipper of the Shining One
  3379 | D:3      | Reached * piety under the Shining One
  3584 | D:3      | Slain by a gnoll

Illustrated notes

Levels and vault maps discovered:
D:1:      minmay_arrival_open_corners, layout_basic, due_unseen_surprise
D:2:      layout_rooms, serial_shops, nicolae_shop_trees,
          nicolae_shop_temple_entry_statues_fountains, minmay_fractal_squares_5
D:3:      layout_rooms, ebering_ecumenical_altar_box, serial_shops, shop

Skill      XL: |  1  2  3  4 |
---------------+-------------+-----
Short Blades   | 2 3 |  3.7
Fighting       | 3 |  3.6
Stealth        | 5 |  5.6
Polearms       | |  1.5
Shields        | |  1.5

Action                   |  1- 3 |  4- 6 || total
-------------------------+-------+-------++-------
Melee: Short sword       |    97 |   127 ||   224
  Use: Potion            |       |     5 ||     5
       Scroll            |       |    10 ||    10
 Stab: Sleeping          |    11 |     7 ||    18
Armor: Robe              |     7 |    21 ||    28
Dodge: Dodged            |    55 |    84 ||   139

Table legend: (Time is in decaauts)
 A = Elapsed time spent in this place.
 B = Non-inter-level travel time spent in this place.
 C = Inter-level travel time spent in this place.
 D = Time resting spent in this place.
 E = Time spent auto-exploring this place.
 F = Levels seen in this place.
 G = Mean time per level.
                   A        B        C        D        E       F      G
               +--------+--------+--------+--------+--------+-----+--------+
         Total |   3576 |   3533 |     43 |      0 |   3087 |   3 | 1192.0 |
       Dungeon |   3576 |   3533 |     43 |      0 |   3087 |   3 | 1192.0 |
               +--------+--------+--------+--------+--------+-----+--------+

Top non-repeatable levels by time:
     D:1: 1922 daAuts
     D:2: 1490 daAuts
     D:3: 163 daAuts
